 Dungeon Crawl Stone Soup version 0.23-a0-484-g29ba69c (webtiles) character file.

220 Leeroy the Charmwright (level 5, -8/43 HPs)
             Began as a Gnoll Skald on Nov 30, 2018.
             Killed by divine providence
             ... invoked by an orc priest
              (11 damage)
             ... on level 4 of the Dungeon.
             The game lasted 00:20:21 (3346 turns).

Leeroy the Charmwright (Gnoll Skald)                Turns: 3346, Time: 00:20:21

Health: -8/43      AC:  5    Str: 15    XL:     5   Next: 97%
Magic:  12/12      EV: 14    Int: 15    God:
Gold:   187        SH:  0    Dex: 14    Spells: 5/14 levels left

rFire    . . .     SeeInvis .   a - +0 falchion
rCold    . . .     Gourm    .   (no shield)
rNeg     . . .     Faith    .   b - +0 leather armour
rPois    .         Spirit   .   (no helmet)
rElec    .         Reflect  .   m - +0 cloak (curse)
rCorr    .         Harm     .   (no gloves)
MR       .....                  s - +0 pair of boots
Stlth    ++........             (no amulet)
HPRegen  0.14/turn              (no ring)
MPRegen  0.13/turn              (no ring)

@: very slightly contaminated
A: distributed training, fangs 1, strong nose
a: no special abilities


You were on level 4 of the Dungeon.
You were hungry.

You visited 1 branch of the dungeon, and saw 4 of its levels.
You also visited: Ossuary.

You collected 187 gold pieces.

Inventory:

Hand Weapons
 a - a +0 falchion (weapon)
 e - a +0 dagger
 f - a +0 dagger
 i - a +0 dagger
 j - a +0 dagger
 t - a +0 trident
 v - a +0 whip
 w - a +0 whip
 G - a +0 hunting sling
 L - a +0 dagger
 P - a +0 dagger
 Q - a +0 dagger
 T - a +0 dagger
 X - a +0 dagger
Missiles
 l - 8 sling bullets
 q - 85 stones
 B - 34 bolts
 F - 8 tomahawks (quivered)
Armour
 b - a +0 leather armour (worn)
 c - a +0 large shield
 k - a +0 scale mail
 m - a cursed +0 cloak (worn)
 s - a +0 pair of boots (worn)
 x - a +0 robe
 y - a +0 pair of boots
 z - a +0 ring mail
 E - a +0 leather armour
 I - a +0 scale mail
 J - a +0 leather armour
 S - a +0 leather armour
 U - a +0 ring mail
 W - a +0 leather armour
Jewellery
 H - a cursed ring of attention {unknown}
Wands
 R - a wand of enslavement (5)
Scrolls
 o - 7 scrolls of teleportation {unknown}
 p - 3 scrolls of amnesia {unknown}
 r - 2 scrolls of immolation {unknown}
 A - 2 scrolls of identify
 C - a scroll of enchant armour {unknown}
 M - a scroll of fog {unknown}
 O - a scroll of remove curse {unknown}
Potions
 g - a potion of lignification {unknown}
 h - a potion of agility {unknown}
 n - 2 potions of flight {unknown}
 K - 3 potions of heal wounds {unknown}
 N - a potion of cancellation {unknown}
 V - 2 potions of haste {unknown}
 Y - 2 potions of magic {unknown}
 Z - a potion of degeneration {unknown}
Comestibles
 d - 7 rations


   Skills:
 + Level 4.8 Fighting
 + Level 1.6 Short Blades
 + Level 4.8 Long Blades
 + Level 1.6 Axes
 + Level 1.6 Maces & Flails
 + Level 1.6 Polearms
 + Level 1.6 Staves
 + Level 1.6 Slings
 + Level 1.6 Bows
 + Level 1.6 Crossbows
 + Level 1.6 Throwing
 + Level 3.1 Armour
 + Level 4.8 Dodging
 + Level 1.6 Stealth
 + Level 1.6 Shields
 + Level 1.6 Unarmed Combat
 + Level 5.2 Spellcasting
 + Level 1.3 Conjurations
 + Level 1.3 Hexes
 + Level 5.6 Charms
 + Level 1.3 Summonings
 + Level 1.3 Necromancy
 + Level 1.3 Translocations
 + Level 1.3 Transmutations
 + Level 1.3 Fire Magic
 + Level 1.3 Ice Magic
 + Level 1.3 Air Magic
 + Level 1.3 Earth Magic
 + Level 1.3 Poison Magic
 + Level 1.9 Invocations
 + Level 1.6 Evocations


You had 5 spell levels left.
You knew the following spells:

 Your Spells              Type           Power        Failure   Level  Hunger
a - Infusion              Chrm           ###.         1%          1    None
b - Regeneration          Chrm/Necr      ##........   14%         3    ###....
c - Spectral Weapon       Hex/Chrm       ##......     14%         3    ###....
d - Shroud of Golubria    Chrm/Tloc      ##........   7%          2    ##.....

Your spell library contained the following spells:

 Spells                   Type           Power        Failure   Level  Hunger
 Song of Slaying          Chrm           ###.....     3%          2    ##.....


Dungeon Overview and Level Annotations

Branches:
Dungeon (4/15)
 Temple: D:4-7

Altars:

Annotations:
D:4 Edmund


Innate Abilities, Weirdness & Mutations

Your experience applies equally to all skills.
You have very sharp teeth.
Your uncanny sense of smell can sniff out nearby items.


Message History

The orc priest mumbles some strange prayers to Beogh against you.
Beogh smites you!
* * * LOW HITPOINT WARNING * * *
You feel better. The orc priest completely misses you.
You barely miss the orc priest. You bite the orc priest.
The orc priest is lightly wounded.
The ogre completely misses you.
You riposte.
You hit the ogre.
The ogre is lightly wounded.
The orc priest mumbles some strange prayers to Beogh against you.
Beogh smites you!
* * * LOW HITPOINT WARNING * * *
Okay, then.
Blink to where?
Press: ? - help, Dir - move target cursor You are very lightly contaminated with residual magic.
As you read the scroll labeled SOTIT AVAOKEGG, it crumbles to dust.
It was a scroll of blinking.
The orc priest mumbles some strange prayers to Beogh against you.
Beogh smites you!
You die...

.........##.....∆
#.######......#. #.# #.##.#
#.####### #<# ... ......O...# #.#
..## ##..####†# # #.# ..# #.# #.#
. #.# #@.# #.# #§# #####o #.. #.#
#O# #.o... #.. #@# #.# ###o####
#.. #.# #.# #...# #... #.#
##(####...# #.# # ..
#.###...##....# #.# .# ....#
#.o...#.......# #.##.#
....##≈≈≈≈≈≈≈..##8..8# ##
#.#.#.##.#.≈≈≈≈≈≈≈≈≈≈≈≈≈#8..8##..
...###...≈≈≈≈≈≈≈≈≈≈≈≈≈≈≈≈≈..≈#...
#......≈≈≈≈≈≈≈≈≈≈≈≈≈≈≈≈≈≈≈..≈≈≈.#


You could see an orc priest.

Vanquished Creatures
  Menkaure (Ossuary)
  Ijyb (D:3)
  3 mummies (Ossuary)
  3 adders
  3 oozes (D:1)
  A worm (D:2)
  2 dart slugs (D:2)
  2 orcs (D:4)
  4 giant cockroaches
  11 goblins
  10 hobgoblins
  A quokka (D:3)
  4 bats
  6 frilled lizards
  3 gnoll skeletons (Ossuary)
  3 gnoll zombies (Ossuary)
  5 goblin zombies (Ossuary)
  A hobgoblin skeleton (Ossuary)
  A hobgoblin zombie (Ossuary)
  3 kobolds (D:2)
  A kobold skeleton (Ossuary)
  A kobold zombie (Ossuary)
  2 orc skeletons (Ossuary)
  3 orc zombies (Ossuary)
  7 rats
  6 rat skeletons (Ossuary)
  A rat zombie (Ossuary)
89 creatures vanquished.

Vanquished Creatures (others)
  A gnoll zombie (Ossuary)
  A gnoll skeleton (Ossuary)
  A goblin skeleton (Ossuary)
  2 goblin zombies (Ossuary)
  A hobgoblin skeleton (Ossuary)
  4 hobgoblin zombies (Ossuary)
  2 kobold skeletons (Ossuary)
  2 kobold zombies (Ossuary)
  An orc skeleton (Ossuary)
  An orc zombie (Ossuary)
  6 rat skeletons (Ossuary)
  A rat zombie (Ossuary)
23 creatures vanquished.

Grand Total: 112 creatures vanquished

Notes
Turn   | Place    | Note
-------+----------+-------------------------------------------
     0 | D:1      | Leeroy the Gnoll Skald began the quest for the Orb.
     0 | D:1      | Reached XP level 1. HP: 20/20 MP: 6/6
    38 | D:1      | Reached XP level 2. HP: 16/26 MP: 7/7
   353 | D:1      | Reached skill level 5 in Spellcasting
   353 | D:1      | Reached XP level 3. HP: 21/31 MP: 7/9
   372 | D:1      | Learned a level 3 spell: Regeneration
   566 | D:1      | Learned a level 3 spell: Spectral Weapon
   569 | D:1      | Learned a level 2 spell: Shroud of Golubria
   721 | D:1      | Reached skill level 1 in Invocations
  1089 | D:2      | Reached skill level 1 in Short Blades
  1089 | D:2      | Reached skill level 1 in Axes
  1089 | D:2      | Reached skill level 1 in Maces & Flails
  1089 | D:2      | Reached skill level 1 in Polearms
  1089 | D:2      | Reached skill level 1 in Staves
  1089 | D:2      | Reached skill level 1 in Slings
  1089 | D:2      | Reached skill level 1 in Bows
  1089 | D:2      | Reached skill level 1 in Crossbows
  1089 | D:2      | Reached skill level 1 in Throwing
  1089 | D:2      | Reached skill level 1 in Stealth
  1089 | D:2      | Reached skill level 1 in Shields
  1089 | D:2      | Reached skill level 1 in Unarmed Combat
  1089 | D:2      | Reached skill level 1 in Evocations
  1124 | D:2      | Reached XP level 4. HP: 29/38 MP: 11/11
  2246 | D:3      | Noticed Ijyb
  2280 | D:3      | Killed Ijyb
  2280 | D:3      | Reached skill level 1 in Conjurations
  2280 | D:3      | Reached skill level 1 in Hexes
  2280 | D:3      | Reached skill level 1 in Summonings
  2280 | D:3      | Reached skill level 1 in Necromancy
  2280 | D:3      | Reached skill level 1 in Translocations
  2280 | D:3      | Reached skill level 1 in Transmutations
  2280 | D:3      | Reached skill level 1 in Fire Magic
  2280 | D:3      | Reached skill level 1 in Ice Magic
  2280 | D:3      | Reached skill level 1 in Air Magic
  2280 | D:3      | Reached skill level 1 in Earth Magic
  2280 | D:3      | Reached skill level 1 in Poison Magic
  2280 | D:3      | Reached XP level 5. HP: 33/43 MP: 10/12
  2651 | D:4      | Found a sand-covered staircase.
  2658 | Ossuary  | Entered an ossuary
  2932 | Ossuary  | Noticed Menkaure
  2943 | Ossuary  | Killed Menkaure
  3209 | D:4      | Noticed Edmund
  3327 | D:4      | Noticed an ogre
  3337 | D:4      | HP: 2/43 [orc priest/divine providence (9)]
  3346 | D:4      | Killed from afar by an orc priest

Vault maps used:
D:1:      dpeg_arrival_rooms_a
D:3:      uniq_ijyb
D:4:      wander_river, first_ration, nicolae_ossuary_entry_monument,
          chequers_serial_rivers_marsh, uniq_eustachio, uniq_edmund
Ossuary:  ossuary_due_pyramid

Skill      XL: |  1  2  3  4  5 |
---------------+----------------+-----
Spellcasting   | 5 |  5.2
Invocations    | 1 |  1.9
Short Blades   | 1 |  1.6
Axes           | 1 |  1.6
Maces & Flails | 1 |  1.6
Polearms       | 1 |  1.6
Staves         | 1 |  1.6
Slings         | 1 |  1.6
Bows           | 1 |  1.6
Crossbows      | 1 |  1.6
Throwing       | 1 |  1.6
Stealth        | 1 |  1.6
Shields        | 1 |  1.6
Unarmed Combat | 1 |  1.6
Evocations     | 1 |  1.6
Conjurations   | 1 |  1.3
Hexes          | 1 |  1.3
Summonings     | 1 |  1.3
Necromancy     | 1 |  1.3
Translocations | 1 |  1.3
Transmutations | 1 |  1.3
Fire Magic     | 1 |  1.3
Ice Magic      | 1 |  1.3
Air Magic      | 1 |  1.3
Earth Magic    | 1 |  1.3
Poison Magic   | 1 |  1.3
Armour         | 3 |  3.1
Fighting       | |  4.8
Long Blades    | |  4.8
Dodging        | |  4.8
Charms         | |  5.6

Action                   |  1- 3 |  4- 6 || total
-------------------------+-------+-------++-------
Melee: Falchion          |   110 |   135 ||   245
       Bite              |    20 |    20 ||    40
       Dagger            |     7 |     4 ||    11
Throw: Tomahawk          |       |    14 ||    14
 Cast: Infusion          |     1 |     2 ||     3
       Spectral Weapon   |       |     4 ||     4
       Regeneration      |       |     2 ||     2
  Use: Scroll            |     1 |     1 ||     2
       Potion            |       |     3 ||     3
 Stab: Sleeping          |     3 |     1 ||     4
  Eat: Chunk             |     1 |       ||     1
       Ration            |       |     2 ||     2
Armor: Leather armour    |    29 |    19 ||    48
       Scale mail        |     5 |       ||     5
Dodge: Dodged            |    98 |    97 ||   195
       Rpst.: Falchion   |    29 |    32 ||    61

Table legend:
 A = Non-vault XP
 B = Vault XP
 C = Vault XP percentage of total XP
 D = Non-vault monster count
 E = Vault monster count
 F = Vault count percentage of total count
                 A         B        C        D         E       F
            +---------+---------+-------+---------+---------+-------
      Total |     152 |     163 |  51.7 |      57 |      23 |  28.8
            +---------+---------+-------+---------+---------+-------
        D:1 |      57 |       0 |   0.0 |      27 |       0 |   0.0
        D:2 |      63 |       0 |   0.0 |      20 |       0 |   0.0
        D:3 |      13 |      36 |  73.5 |       7 |       1 |  12.5
        D:4 |      19 |       0 |   0.0 |       3 |       0 |   0.0
    Ossuary |       0 |     127 | 100.0 |       0 |      22 | 100.0
            +---------+---------+-------+---------+---------+-------
